| TOP OF THE 1ST |
|
Montreal Expos batting - Pitching for Oakland Athletics : RHP Taek-gyun Kym
|
|
Pitching: RHP Taek-gyun Kym
|
|
|
Batting: RHB Robby Juarez
|
0-0: Called Strike 0-1: Fly out, F8 (Flyball, 78M, EV 91.2 MPH)
|
|
Batting: SHB Pete Barutha
|
0-0: Foul Ball, location: 2F 0-1: Called Strike 0-2: Ball 1-2: Foul Ball, location: 2F 1-2: Ground out 4-3 (Groundball, 34D, EV 83.8 MPH)
|
|
Batting: RHB Mike Salmon
|
0-0: Called Strike 0-1: Ground out 5-3 (Groundball, 56S, EV 88.8 MPH)
|
| Top of the 1st over - 0 runs, 0 hits, 0 errors, 0 left on base; Montreal 0 - Oakland 0 |
| BOTTOM OF THE 1ST |
|
Oakland Athletics batting - Pitching for Montreal Expos : LHP Kyle Schlosschlonghair
|
|
Pitching: LHP Kyle Schlosschlonghair
|
|
|
Batting: RHB Philip Jansen
|
0-0: Foul Ball, location: 2F 0-1: Ball 1-1: Swinging Strike 1-2: Hit by Pitch
|
|
Batting: RHB Danny Murillo
|
0-0: Ball 1-0: Ball 2-0: Ball 3-0: Called Strike 3-1: SINGLE (Groundball, 6S, EV 67.5 MPH) (infield hit) Philip Jansen to second
|
|
Batting: SHB Robert Handy
|
0-0: Called Strike 0-1: Ball 1-1: SINGLE (Line Drive, 89M, EV 101.9 MPH) Philip Jansen to third Danny Murillo to second
|
|
Batting: LHB Sakae Kasahara
|
0-0: Fly out, F8 (Flyball, 8LXD, EV 90.0 MPH) Runner from 3rd tags up, SCORES, no throw by CF Danny Murillo to third
|
|
Batting: RHB Adam McGurn
|
0-0: Foul Ball, location: 2F 0-1: Ball 1-1: Ball 2-1: Ball 3-1: Base on Balls Robert Handy to second
|
|
Batting: RHB Justin McQuarter
|
0-0: Called Strike 0-1: Ball 1-1: Called Strike 1-2: Foul Ball, location: 2F 1-2: Strikes out swinging
|
|
Batting: SHB Ryan Langlois
|
0-0: Swinging Strike 0-1: Swinging Strike 0-2: Foul Ball, location: 2F 0-2: Fielders Choice at 2nd, 6-4 (Groundball, 6, EV 101.9 MPH)
|
| Bottom of the 1st over - 1 run, 2 hits, 0 errors, 3 left on base; Montreal 0 - Oakland 1 |
| TOP OF THE 2ND |
|
Montreal Expos batting - Pitching for Oakland Athletics : RHP Taek-gyun Kym
|
|
Batting: RHB Hugo Bautista
|
0-0: Ball 1-0: Swinging Strike 1-1: SINGLE (Flyball, 6D, EV 88.8 MPH)
|
|
Batting: LHB Jimmy Buscemi
|
0-0: Ball Hugo Bautista steals 2nd base (no throw) 1-0: Swinging Strike 1-1: Called Strike 1-2: 2-RUN HOME RUN (Flyball, 89XD, EV 109.4 MPH), Distance : 415 ft
|
|
Batting: RHB Martin Chavez
|
0-0: Fly out, F4 (Popup, 34D, EV 65.6 MPH)
|
|
Batting: RHB John Ham
|
0-0: Called Strike 0-1: SINGLE (Line Drive, 5D, EV 95.0 MPH)
|
|
Batting: SHB Hans Mikkelsen
|
0-0: Ball 1-0: Foul Ball, location: 2F 1-1: Ball John Ham steals 2nd base (no throw) 2-1: Called Strike John Ham steals 3rd base 2-2: Foul Ball, location: 2F 2-2: Ball 3-2: Strikes out looking
|
|
Batting: RHB Jesse Basich
|
0-0: Foul Ball, location: 2F 0-1: SINGLE (Groundball, 6MD, EV 86.2 MPH) (infield hit) John Ham scores
|
|
Batting: RHB Robby Juarez
|
0-0: Ball 1-0: Called Strike 1-1: Swinging Strike 1-2: Ball 2-2: Ball 3-2: Base on Balls Jesse Basich to second
|
|
Batting: SHB Pete Barutha
|
0-0: Foul Ball, location: 2F 0-1: Ball 1-1: Called Strike 1-2: Ball 2-2: Foul Ball, location: 2F 2-2: Foul Ball, location: 2F 2-2: Strikes out swinging
|
| Top of the 2nd over - 3 runs, 4 hits, 0 errors, 2 left on base; Montreal 3 - Oakland 1 |
| BOTTOM OF THE 2ND |
|
Oakland Athletics batting - Pitching for Montreal Expos : LHP Kyle Schlosschlonghair
|
|
Batting: LHB Tommy King
|
0-0: Ball 1-0: Foul Ball, location: 2F 1-1: Called Strike 1-2: Ball 2-2: Foul Ball, location: 2F 2-2: Ball 3-2: Strikes out swinging
|
|
Batting: SHB Bob Morales
|
0-0: Ball 1-0: Ball 2-0: Ball 3-0: Called Strike 3-1: Swinging Strike 3-2: Foul Ball, location: 2F 3-2: Strikes out swinging
|
|
Batting: RHB Philip Jansen
|
0-0: Called Strike 0-1: Called Strike 0-2: Ball 1-2: Ball 2-2: Ball 3-2: SOLO HOME RUN (Flyball, 7D, EV 96.9 MPH), Distance : 383 ft
|
|
Batting: RHB Danny Murillo
|
0-0: Ball 1-0: Foul Ball, location: 2F 1-1: Called Strike 1-2: Ball 2-2: Ball 3-2: SINGLE (Groundball, 6D, EV 105.6 MPH)
|
|
Batting: SHB Robert Handy
|
0-0: Foul Ball, location: 2F 0-1: Swinging Strike 0-2: Foul Ball, location: 2F 0-2: Ball Danny Murillo is caught stealing 2nd base 2-4
|
| Bottom of the 2nd over - 1 run, 2 hits, 0 errors, 0 left on base; Montreal 3 - Oakland 2 |
| TOP OF THE 3RD |
|
Montreal Expos batting - Pitching for Oakland Athletics : RHP Taek-gyun Kym
|
|
Batting: RHB Mike Salmon
|
0-0: Foul Ball, location: 2F 0-1: Called Strike 0-2: Fly out, F8 (Flyball, 8RD, EV 96.9 MPH)
|
|
Batting: RHB Hugo Bautista
|
0-0: Called Strike 0-1: Ball 1-1: Ball 2-1: Ball 3-1: Foul Ball, location: 2F 3-2: Ground out 6-3 (Groundball, 56, EV 82.5 MPH)
|
|
Batting: LHB Jimmy Buscemi
|
0-0: Called Strike 0-1: Ball 1-1: Ball 2-1: Ball 3-1: Foul Ball, location: 2F 3-2: Base on Balls
|
|
Batting: RHB Martin Chavez
|
0-0: Called Strike 0-1: Swinging Strike 0-2: Strikes out looking
|
| Top of the 3rd over - 0 runs, 0 hits, 0 errors, 1 left on base; Montreal 3 - Oakland 2 |
| BOTTOM OF THE 3RD |
|
Oakland Athletics batting - Pitching for Montreal Expos : LHP Kyle Schlosschlonghair
|
|
Batting: SHB Robert Handy
|
0-0: Ball 1-0: Ball 2-0: Swinging Strike 2-1: Ball 3-1: Base on Balls
|
|
Batting: LHB Sakae Kasahara
|
0-0: Called Strike 0-1: Ball 1-1: Fly out, F8 (Flyball, 8RS, EV 94.4 MPH)
|
|
Batting: RHB Adam McGurn
|
0-0: Called Strike 0-1: Swinging Strike 0-2: Ball 1-2: Foul Ball, location: 2F 1-2: Strikes out swinging
|
|
Batting: RHB Justin McQuarter
|
0-0: Foul Ball, location: 2F 0-1: Ball 1-1: Ball 2-1: 2-RUN HOME RUN (Flyball, 9LD, EV 93.1 MPH), Distance : 335 ft
|
|
Batting: SHB Ryan Langlois
|
0-0: Ball 1-0: Called Strike 1-1: DOUBLE (Line Drive, 3D, EV 99.4 MPH)
|
|
Batting: LHB Tommy King
|
0-0: Ball 1-0: Ball 2-0: Called Strike 2-1: SINGLE (Line Drive, 6MD, EV 96.9 MPH) Ryan Langlois to third Runner from 3rd tries for Home, SAFE, throw by CF to home
|
|
Pitching: RHP Joel Beggs
|
|
|
Batting: SHB Bob Morales
|
0-0: Ball 1-0: Foul Ball, location: 2F 1-1: Swinging Strike 1-2: Strikes out swinging
|
| Bottom of the 3rd over - 3 runs, 3 hits, 0 errors, 1 left on base; Montreal 3 - Oakland 5 |
| TOP OF THE 4TH |
|
Montreal Expos batting - Pitching for Oakland Athletics : RHP Taek-gyun Kym
|
|
Batting: RHB John Ham
|
0-0: Ground out 6-3 (Groundball, 6MS, EV 85.0 MPH)
|
|
Batting: SHB Hans Mikkelsen
|
0-0: Fly out, F7 (Line Drive, 78M, EV 111.9 MPH)
|
|
Batting: RHB Jesse Basich
|
0-0: Called Strike 0-1: Called Strike 0-2: Ball 1-2: Strikes out looking
|
| Top of the 4th over - 0 runs, 0 hits, 0 errors, 0 left on base; Montreal 3 - Oakland 5 |
| BOTTOM OF THE 4TH |
|
Oakland Athletics batting - Pitching for Montreal Expos : RHP Joel Beggs
|
|
Batting: RHB Philip Jansen
|
0-0: Ball 1-0: Ball 2-0: Called Strike 2-1: Called Strike 2-2: Foul Ball, location: 2F 2-2: Foul Ball, location: 2F 2-2: Foul Ball, location: 2F 2-2: Foul Ball, location: 2F 2-2: Foul Ball, location: 2F 2-2: Strikes out looking
|
|
Batting: RHB Danny Murillo
|
0-0: Foul Ball, location: 2F 0-1: Fly out, F7 (Flyball, 7D, EV 103.1 MPH)
|
|
Batting: SHB Robert Handy
|
0-0: Called Strike 0-1: Called Strike 0-2: Ball 1-2: Ball 2-2: Foul Ball, location: 2F 2-2: Foul Ball, location: 2F 2-2: Fly out, F5 (Popup, 6D, EV 66.9 MPH)
|
| Bottom of the 4th over - 0 runs, 0 hits, 0 errors, 0 left on base; Montreal 3 - Oakland 5 |
| TOP OF THE 5TH |
|
Montreal Expos batting - Pitching for Oakland Athletics : RHP Taek-gyun Kym
|
|
Batting: RHB Robby Juarez
|
0-0: Ball 1-0: Called Strike 1-1: Swinging Strike 1-2: Ball 2-2: Strikes out looking
|
|
Batting: SHB Pete Barutha
|
0-0: Foul Ball, location: 2F 0-1: Fly out, F7 (Flyball, 7, EV 83.8 MPH)
|
|
Batting: RHB Mike Salmon
|
0-0: Ball 1-0: Ball 2-0: Foul Ball, location: 2F 2-1: Called Strike 2-2: Foul Ball, location: 2F 2-2: SOLO HOME RUN (Flyball, 8LXD, EV 116.2 MPH), Distance : 462 ft
|
|
Batting: RHB Hugo Bautista
|
0-0: Ball 1-0: Called Strike 1-1: Ball 2-1: Foul Ball, location: 2F 2-2: Fly out, F8 (Line Drive, 8RM, EV 110.0 MPH)
|
| Top of the 5th over - 1 run, 1 hit, 0 errors, 0 left on base; Montreal 4 - Oakland 5 |
| BOTTOM OF THE 5TH |
|
Oakland Athletics batting - Pitching for Montreal Expos : RHP Joel Beggs
|
|
Batting: LHB Sakae Kasahara
|
0-0: Ball 1-0: Foul Ball, location: 2F 1-1: Ground out U3 (Groundball, 3L, EV 102.5 MPH)
|
|
Batting: RHB Adam McGurn
|
0-0: Ball 1-0: Called Strike 1-1: Swinging Strike 1-2: Strikes out swinging
|
|
Batting: RHB Justin McQuarter
|
0-0: Called Strike 0-1: Ball 1-1: Fly out, F8 (Flyball, 8RXD, EV 104.4 MPH)
|
| Bottom of the 5th over - 0 runs, 0 hits, 0 errors, 0 left on base; Montreal 4 - Oakland 5 |
| TOP OF THE 6TH |
|
Montreal Expos batting - Pitching for Oakland Athletics : RHP Taek-gyun Kym
|
|
Batting: LHB Jimmy Buscemi
|
0-0: Swinging Strike 0-1: Ball 1-1: Called Strike 1-2: Strikes out looking
|
|
Batting: RHB Martin Chavez
|
0-0: Ball 1-0: Ball 2-0: Called Strike 2-1: Fly out, F5 (Line Drive, 5, EV 71.2 MPH)
|
|
Batting: RHB John Ham
|
0-0: Called Strike 0-1: Ball 1-1: SINGLE (Line Drive, 8RS, EV 110.0 MPH)
|
|
Batting: SHB Hans Mikkelsen
|
0-0: Ball 1-0: Ball 2-0: Foul Ball, location: 2F 2-1: Ground out U3 (Groundball, 3, EV 88.1 MPH)
|
| Top of the 6th over - 0 runs, 1 hit, 0 errors, 1 left on base; Montreal 4 - Oakland 5 |
| BOTTOM OF THE 6TH |
|
Oakland Athletics batting - Pitching for Montreal Expos : RHP Joel Beggs
|
|
Batting: SHB Ryan Langlois
|
0-0: Called Strike 0-1: Ball 1-1: Foul Ball, location: 2F 1-2: Ball 2-2: Ball 3-2: Foul Ball, location: 2F 3-2: Fly out, F7 (Flyball, 7S, EV 79.4 MPH)
|
|
Batting: LHB Tommy King
|
0-0: Called Strike 0-1: Called Strike 0-2: Ball 1-2: Ball 2-2: Foul Ball, location: 2F 2-2: Ball 3-2: Fly out, F9 (Flyball, 9, EV 94.4 MPH)
|
|
Batting: SHB Bob Morales
|
0-0: Called Strike 0-1: SINGLE (Groundball, 4MD, EV 98.1 MPH)
|
|
Batting: RHB Philip Jansen
|
0-0: Foul Ball, location: 2F 0-1: Swinging Strike 0-2: Foul Ball, location: 2F 0-2: Ball 1-2: Ball 2-2: Foul Ball, location: 2F 2-2: Ball 3-2: Strikes out looking
|
| Bottom of the 6th over - 0 runs, 1 hit, 0 errors, 1 left on base; Montreal 4 - Oakland 5 |
| TOP OF THE 7TH |
|
Montreal Expos batting - Pitching for Oakland Athletics : RHP Taek-gyun Kym
|
|
Batting: RHB Jesse Basich
|
0-0: Ball 1-0: Ball 2-0: Ball 3-0: Base on Balls
|
|
Pitching: RHP Mike Chapman
|
|
|
Pinch Hitting: LHB Steve Anderson
|
0-0: Ball 1-0: Foul Ball, location: 2F 1-1: Ball 2-1: Foul Ball, location: 2F 2-2: Foul Ball, location: 2F 2-2: Hit by Pitch Jesse Basich to second
|
|
Batting: SHB Pete Barutha
|
0-0: SINGLE (Line Drive, 78M, EV 100.0 MPH) Jesse Basich to third Steve Anderson to second
|
|
Batting: RHB Mike Salmon
|
0-0: Ball 1-0: Ball 2-0: Foul Ball, location: 2F 2-1: Ball 3-1: Foul Ball, location: 2F 3-2: Foul Ball, location: 2F 3-2: Foul Ball, location: 2F 3-2: Foul Ball, location: 2F 3-2: Grounds into fielders choice 5-2 (Groundball, 56, EV 85.0 MPH) Steve Anderson to third Pete Barutha to second
|
|
Batting: RHB Hugo Bautista
|
0-0: Ball 1-0: Called Strike 1-1: Foul Ball, location: 2F 1-2: Strikes out swinging
|
|
Batting: LHB Jimmy Buscemi
|
0-0: DOUBLE (Flyball, 89D, EV 105.6 MPH) Steve Anderson scores Pete Barutha scores Mike Salmon to third Runner from 3rd tries for Home, SAFE, throw by CF to home
|
|
Batting: RHB Martin Chavez
|
0-0: Ball 1-0: Called Strike 1-1: Foul Ball, location: 2F 1-2: Foul Ball, location: 2F 1-2: Foul Ball, location: 2F 1-2: Ground out 3-1 (Groundball, 34S, EV 78.1 MPH)
|
| Top of the 7th over - 3 runs, 2 hits, 0 errors, 1 left on base; Montreal 7 - Oakland 5 |
| BOTTOM OF THE 7TH |
|
Oakland Athletics batting - Pitching for Montreal Expos : RHP Joel Beggs
|
|
Pitching: RHP Justin Stone
|
|
|
Now at 3B: Steve Anderson
|
|
|
Now at SS: Jesse Basich
|
|
|
Batting: RHB Danny Murillo
|
0-0: Called Strike 0-1: Hit by Pitch
|
|
Batting: SHB Robert Handy
|
0-0: Swinging Strike 0-1: Fly out, F7 (Line Drive, 7, EV 93.1 MPH) Lined into DP, 7-3 (Line Drive, 7, EV 93.1 MPH)
|
|
Batting: LHB Sakae Kasahara
|
0-0: Called Strike 0-1: Foul Ball, location: 2F 0-2: Strikes out swinging
|
| Bottom of the 7th over - 0 runs, 0 hits, 0 errors, 0 left on base; Montreal 7 - Oakland 5 |
| TOP OF THE 8TH |
|
Montreal Expos batting - Pitching for Oakland Athletics : RHP Mike Chapman
|
|
Pitching: LHP Neal Chauveau
|
|
|
Batting: RHB John Ham
|
0-0: Ball 1-0: Ball 2-0: Ball 3-0: Called Strike 3-1: Called Strike 3-2: Base on Balls
|
|
Batting: SHB Hans Mikkelsen
|
0-0: Called Strike 0-1: Sac Bunt to P - play at first, batter OUT! 1-3 John Ham to second
|
|
Batting: RHB Jesse Basich
|
0-0: Ball 1-0: Foul Ball, location: 2F 1-1: Foul Ball, location: 2F 1-2: Ball 2-2: Ball 3-2: Base on Balls
|
|
Batting: LHB Steve Anderson
|
0-0: Foul Ball, location: 2F 0-1: Called Strike 0-2: Ball 1-2: Ball 2-2: Fly out, F7 (Flyball, 7D, EV 108.8 MPH) Runner from 2nd tags up, SAFE at 3rd, no throw by LF
|
|
Batting: SHB Pete Barutha
|
0-0: Called Strike 0-1: Ball 1-1: Called Strike 1-2: Ball 2-2: Fly out, F8 (Flyball, 89D, EV 95.6 MPH)
|
| Top of the 8th over - 0 runs, 0 hits, 0 errors, 2 left on base; Montreal 7 - Oakland 5 |
| BOTTOM OF THE 8TH |
|
Oakland Athletics batting - Pitching for Montreal Expos : RHP Justin Stone
|
|
Pinch Hitting: LHB Nate Dean
|
0-0: Ball 1-0: SINGLE (Line Drive, 8LM, EV 95.6 MPH)
|
|
Batting: RHB Justin McQuarter
|
0-0: Swinging Strike 0-1: Ball 1-1: Swinging Strike 1-2: Foul Ball, location: 2F 1-2: Fly out, F4 (Popup, 4, EV 67.5 MPH)
|
|
Batting: SHB Ryan Langlois
|
0-0: Ball 1-0: Swinging Strike 1-1: Foul Ball, location: 2F 1-2: Strikes out swinging
|
|
Batting: LHB Tommy King
|
0-0: 2-RUN HOME RUN (Flyball, 9LD, EV 96.2 MPH), Distance : 346 ft
|
|
Batting: SHB Bob Morales
|
0-0: Called Strike 0-1: Ball 1-1: Ball 2-1: Foul Ball, location: 2F 2-2: Strikes out swinging
|
| Bottom of the 8th over - 2 runs, 2 hits, 0 errors, 0 left on base; Montreal 7 - Oakland 7 |
| TOP OF THE 9TH |
|
Montreal Expos batting - Pitching for Oakland Athletics : LHP Neal Chauveau
|
|
Now at 2B: Nate Dean
|
|
|
Batting: RHB Mike Salmon
|
0-0: Fly out, F8 (Flyball, 8RS, EV 77.5 MPH)
|
|
Batting: RHB Hugo Bautista
|
0-0: Ball 1-0: Ball 2-0: Foul Ball, location: 2F 2-1: Foul Ball, location: 2F 2-2: Ball 3-2: Fly out, F8 (Flyball, 8LD, EV 97.5 MPH)
|
|
Batting: LHB Jimmy Buscemi
|
0-0: Swinging Strike 0-1: Called Strike 0-2: Strikes out swinging
|
| Top of the 9th over - 0 runs, 0 hits, 0 errors, 0 left on base; Montreal 7 - Oakland 7 |
| BOTTOM OF THE 9TH |
|
Oakland Athletics batting - Pitching for Montreal Expos : RHP Justin Stone
|
|
Batting: RHB Philip Jansen
|
0-0: Called Strike 0-1: Ground out 6-3 (Groundball, 6MD, EV 86.2 MPH)
|
|
Batting: RHB Danny Murillo
|
0-0: Ball 1-0: Called Strike 1-1: Fly out, F8 (Line Drive, 8LM, EV 88.1 MPH)
|
|
Batting: SHB Robert Handy
|
0-0: Foul Ball, location: 2F 0-1: Fly out, F8 (Line Drive, 8LD, EV 104.4 MPH)
|
| Bottom of the 9th over - 0 runs, 0 hits, 0 errors, 0 left on base; Montreal 7 - Oakland 7 |
| TOP OF THE 10TH |
|
Montreal Expos batting - Pitching for Oakland Athletics : LHP Neal Chauveau
|
|
Pitching: RHP Kyle Ehret
|
|
|
Batting: RHB Martin Chavez
|
0-0: Foul Ball, location: 2F 0-1: Ground out 1-3 (Groundball, 13S, EV 66.2 MPH)
|
|
Pinch Hitting: SHB Bran Stark
|
0-0: Foul Ball, location: 2F 0-1: Ball 1-1: Foul Ball, location: 2F 1-2: Foul Ball, location: 2F 1-2: Strikes out looking
|
|
Batting: SHB Hans Mikkelsen
|
0-0: Ball 1-0: Swinging Strike 1-1: Ball 2-1: Ball 3-1: Called Strike 3-2: Base on Balls
|
|
Batting: RHB Jesse Basich
|
0-0: Ball 1-0: Foul Ball, location: 2F 1-1: Swinging Strike 1-2: Ball 2-2: Ball 3-2: Strikes out looking
|
| Top of the 10th over - 0 runs, 0 hits, 0 errors, 1 left on base; Montreal 7 - Oakland 7 |
| BOTTOM OF THE 10TH |
|
Oakland Athletics batting - Pitching for Montreal Expos : RHP Justin Stone
|
|
Pitching: RHP Alan Taylor
|
|
|
Now in LF: Hans Mikkelsen
|
|
|
Now in RF: Bran Stark
|
|
|
Batting: LHB Sakae Kasahara
|
0-0: Called Strike 0-1: Ball 1-1: Ball 2-1: Ball 3-1: Ground out 6-3 (Groundball, 4, EV 77.5 MPH)
|
|
Batting: LHB Nate Dean
|
0-0: Called Strike 0-1: Swinging Strike 0-2: Strikes out swinging
|
|
Batting: RHB Justin McQuarter
|
0-0: Called Strike 0-1: Called Strike 0-2: Ball 1-2: Foul Ball, location: 2F 1-2: Foul Ball, location: 2F 1-2: Strikes out swinging
|
| Bottom of the 10th over - 0 runs, 0 hits, 0 errors, 0 left on base; Montreal 7 - Oakland 7 |
| TOP OF THE 11TH |
|
Montreal Expos batting - Pitching for Oakland Athletics : RHP Kyle Ehret
|
|
Batting: LHB Steve Anderson
|
0-0: Ball 1-0: Ball 2-0: Foul Ball, location: 2F 2-1: Foul Ball, location: 2F 2-2: Strikes out swinging
|
|
Batting: SHB Pete Barutha
|
0-0: Ball 1-0: Ground out 4-3 (Groundball, 4, EV 85.0 MPH)
|
|
Batting: RHB Mike Salmon
|
0-0: Swinging Strike 0-1: Swinging Strike 0-2: Ball 1-2: Foul Ball, location: 2F 1-2: Foul Ball, location: 2F 1-2: SINGLE (Groundball, 4M, EV 106.9 MPH) (infield hit)
|
|
Batting: RHB Hugo Bautista
|
0-0: Called Strike Mike Salmon is caught stealing 2nd base 2-4
|
| Top of the 11th over - 0 runs, 1 hit, 0 errors, 0 left on base; Montreal 7 - Oakland 7 |
| BOTTOM OF THE 11TH |
|
Oakland Athletics batting - Pitching for Montreal Expos : RHP Alan Taylor
|
|
Batting: SHB Ryan Langlois
|
0-0: Ball 1-0: Fly out, F8 (Flyball, 78S, EV 78.1 MPH)
|
|
Batting: LHB Tommy King
|
0-0: Ball 1-0: Ball 2-0: Ball 3-0: Base on Balls
|
|
Batting: SHB Bob Morales
|
0-0: Ball 1-0: Called Strike 1-1: Ball 2-1: Ball 3-1: Swinging Strike 3-2: Strikes out swinging
|
|
Batting: RHB Philip Jansen
|
0-0: Ball 1-0: Ball 2-0: Ball 3-0: Base on Balls Tommy King to second
|
|
Batting: RHB Danny Murillo
|
0-0: Called Strike 0-1: Ball 1-1: Fly out, F4 (Popup, 4, EV 66.2 MPH)
|
| Bottom of the 11th over - 0 runs, 0 hits, 0 errors, 2 left on base; Montreal 7 - Oakland 7 |
| TOP OF THE 12TH |
|
Montreal Expos batting - Pitching for Oakland Athletics : RHP Kyle Ehret
|
|
Batting: RHB Hugo Bautista
|
0-0: Ball 1-0: Foul Ball, location: 2F 1-1: Ball 2-1: Ball 3-1: DOUBLE (Line Drive, 9LS, EV 109.4 MPH)
|
|
Batting: LHB Jimmy Buscemi
|
0-0: Ball 1-0: Ground out 5-3 (Groundball, 56, EV 102.5 MPH)
|
|
Pitching: RHP Danny Nsoah
|
|
|
Batting: RHB Martin Chavez
|
0-0: Ball Hugo Bautista steals 3rd base 1-0: Called Strike 1-1: Ground out 4-3 (Groundball, 4, EV 96.9 MPH)
|
|
Batting: SHB Bran Stark
|
0-0: Ball 1-0: Called Strike 1-1: Foul Ball, location: 2F 1-2: Foul Ball, location: 2F 1-2: Strikes out looking
|
| Top of the 12th over - 0 runs, 1 hit, 0 errors, 1 left on base; Montreal 7 - Oakland 7 |
| BOTTOM OF THE 12TH |
|
Oakland Athletics batting - Pitching for Montreal Expos : RHP Alan Taylor
|
|
Pitching: RHP Jeff Urry
|
|
|
Batting: SHB Robert Handy
|
0-0: Ball 1-0: Swinging Strike 1-1: Ball 2-1: Ball 3-1: Base on Balls
|
|
Pinch Runner at 1st Muneo Kawachi:
|
|
|
Batting: LHB Sakae Kasahara
|
0-0: Ball 1-0: Foul Ball, location: 2F 1-1: Called Strike 1-2: Grounds into double play, U6-3 (Groundball, P, EV 87.5 MPH)
|
|
Batting: LHB Nate Dean
|
0-0: Ball 1-0: Foul Ball, location: 2F 1-1: Ball 2-1: SOLO HOME RUN (Flyball, 8RXD, EV 100.0 MPH), Distance : 410 ft
|
| Bottom of the 12th over - 1 run, 1 hit, 0 errors, 0 left on base; Montreal 7 - Oakland 8 |
| |
|
Game Over ... Oakland defeats Montreal, 8 to 7
|
|
|